 Dungeon Crawl Stone Soup version 0.23-a0-405-g368ce007a8 (webtiles) character file.

210 Nixze the Gusty (level 5, -6/38 HPs)
             Began as a Draconian Air Elementalist on Nov 6, 2018.
             Was an Initiate of Vehumet.
             Mangled by a slave (9 damage)
             ... led by Pikel
             ... on level 3 of the Dungeon.
             The game lasted 00:11:04 (4108 turns).

Nixze the Gusty (Draconian Air Elementalist)        Turns: 4108, Time: 00:11:04

Health: -6/38      AC:  6    Str: 12 (13) XL:     5   Next: 56%
Magic:  10/10      EV: 12    Int: 14 (17) God:    Vehumet [......]
Gold:   174        SH:  0    Dex: 10 (11) Spells: 4/10 levels left

rFire    . . .     SeeInvis .   m - +2 dagger (elec)
rCold    . . .     Gourm    .   (no shield)
rNeg     . . .     Faith    .   (armour unavailable)
rPois    .         Spirit   .   (helmet restricted)
rElec    .         Reflect  .   l - +0 cloak
rCorr    .         Harm     .   (no gloves)
MR       .....                  (no boots)
Stlth    ++........             (no amulet)
HPRegen  0.12/turn              (no ring)
MPRegen  0.12/turn              (no ring)

@: mighty
A: unfitting armour, horns 1, weak 1, cold-blooded, AC +5
a: Renounce Religion


You were on level 3 of the Dungeon.
You worshipped Vehumet.
Vehumet was noncommittal.
You were near starving.

You visited 1 branch of the dungeon, and saw 4 of its levels.

You collected 174 gold pieces.

Inventory:

Hand Weapons
 m - a +2 dagger of electrocution (weapon)
Armour
 l - a +0 cloak (worn)
Wands
 p - a wand of random effects (14)
Scrolls
 a - a scroll of magic mapping {unknown}
 i - a scroll of enchant armour {unknown}
 j - 3 scrolls of identify
 o - a scroll of noise {unknown}
 r - a scroll of remove curse {unknown}
 s - a scroll of amnesia {unknown}
Potions
 c - a potion of might
 d - a potion of resistance {unknown}
 e - a potion of degeneration
 f - a potion of curing {unknown}
 g - a potion of invisibility {unknown}
 h - a potion of haste {unknown}
 k - a potion of flight {unknown}
 n - a potion of mutation
 q - a potion of brilliance {unknown}
Comestibles
 b - 10 rations


   Skills:
 - Level 1.7 Dodging
 - Level 1.7 Stealth
 + Level 3.3 Spellcasting
 + Level 3.0 Conjurations
 + Level 1.3 Charms
 + Level 4.2 Air Magic


You had 4 spell levels left.
You knew the following spells:

 Your Spells              Type           Power        Failure   Level  Hunger
a - Shock                 Conj/Air       ##..         4%          1    #......
b - Swiftness             Chrm/Air       ##......     10%         2    ##.....
c - Static Discharge      Conj/Air       ##......     14%         3    ###....

Your spell library contained the following spells:

 Spells                   Type           Power        Failure   Level  Hunger
 Airstrike                Air            ##........   34%         4    #####..
 Lightning Bolt           Conj/Air       ##........   78%         5    ######.


Dungeon Overview and Level Annotations

Branches:
Dungeon (4/15)
 Temple: D:4-7

Altars:
Makhleb
Okawaru
Qazlal
Vehumet

Annotations:
D:4 Pikel


Innate Abilities, Weirdness & Mutations

Your plain brown scales are hard. (AC +5)
You cannot fit into any form of body armour.
You are cold-blooded and may be slowed by cold attacks.
You have a pair of small horns on your head.
You are weak. (Str -2)


Message History

* * * LOW HITPOINT WARNING * * *
You hit the slave.
Your tail-slap misses the slave.
The slave is heavily wounded.
The slave closely misses you.
You completely miss the slave.
Your tail-slap misses the slave.
The slave is heavily wounded.
The slave hits you.
* * * LOW HITPOINT WARNING * * *
You hit the slave but do no damage.
The slave is heavily wounded.
The slave hits you but does no damage.
It was a potion of mutation.
You feel extremely strange.
You feel weaker. A pair of horns grows on your head!
The slave completely misses you.
Okay, then.
It was a potion of degeneration.
There was something very wrong with that liquid.
You feel weakened.
You feel dopey.
You feel clumsy. The slave hits you!
You die...

#§§§§###§§§
#....##.#
##......#
##......###
##########
#.........#
.........#
##.....##.#
##########
#.........## #
#.##.##..<.. # ###
###<##.##...## #
#@# #...........##
# #p#
#..[...####.##
#### #p# ###.####
#.## ...# #.#
#.#######.## ##.#
#[# #.........##
#.# #.#
#........... #.#
#.# #.##########
##.#############.#
#.# #
..........#..p...#
#.# #


You could see 2 slaves.

Vanquished Creatures
  An orc priest (D:3)
  3 orc wizards (D:3)
  An adder (D:2)
  A shadow imp (D:2)
  A worm (D:2)
  3 dart slugs
  A leopard gecko (D:1)
  An orc (D:3)
  3 giant cockroaches
  11 goblins
  7 hobgoblins
  7 jackals (D:1)
  5 kobolds
  2 quokkas (D:2)
  A ball python (D:1)
  4 bats
  A frilled lizard (D:2)
  12 rats
65 creatures vanquished.

Notes
Turn   | Place    | Note
-------+----------+-------------------------------------------
     0 | D:1      | Nixze the Draconian Air Elementalist began the quest for
                  | the Orb.
     0 | D:1      | Reached XP level 1. HP: 14/14 MP: 3/3
   403 | D:1      | Reached XP level 2. HP: 20/20 MP: 0/5
   884 | D:1      | Reached XP level 3. HP: 26/26 MP: 2/6
  2078 | D:2      | Learned a level 2 spell: Swiftness
  2539 | D:2      | Reached XP level 4. HP: 33/33 MP: 0/8
  2805 | D:2      | Learned a level 3 spell: Static Discharge
  3045 | D:3      | Found a radiant altar of Vehumet.
  3057 | D:3      | Became a worshipper of Vehumet
  3599 | D:4      | Noticed a slave
  3599 | D:4      | Noticed a slave
  3600 | D:4      | Noticed Pikel
  3600 | D:4      | Noticed a slave
  3600 | D:4      | Noticed a slave
  3630 | D:3      | Reached skill level 4 in Air Magic
  3630 | D:3      | Reached XP level 5. HP: 27/38 MP: 0/9
  3632 | D:3      | Reached skill level 1 in Charms
  3747 | D:3      | Found a burning altar of Makhleb.
  3832 | D:3      | Found an iron altar of Okawaru.
  3860 | D:3      | Found a stormy altar of Qazlal.
  4107 | D:3      | Gained mutation: You are weak. (Str -2) [potion of
                  | mutation]
  4107 | D:3      | Gained mutation: You have a pair of small horns on your
                  | head. [potion of mutation]
  4108 | D:3      | Mangled by a slave

Vault maps used:
D:1:      shiori_shiawase
D:3:      okawaru_gym_becter, vehumet_crystals, nicolae_qazlal_eye_of_the_storm,
          lemuel_round_altar
D:4:      old_standard_altar, ashenzari_conservatory_becter,
          minmay_temple_entry_enclosed_plants, serial_bayou,
          serial_bayou_shore_a, serial_bayou_pond_b, serial_bayou_pond_c,
          serial_bayou_pond_e, uniq_menkaure, uniq_ijyb,
          uniq_crazy_yiuf_cottage, uniq_pikel, uniq_natasha

Skill      XL: |  1  2  3  4  5 |
---------------+----------------+-----
Conjurations   | 2 3 |  3.0
Spellcasting   | 3 |  3.3
Air Magic      | 4 |  4.2
Charms         | 1 |  1.3
Dodging        | |  1.7
Stealth        | |  1.7

Action                   |  1- 3 |  4- 6 || total
-------------------------+-------+-------++-------
Melee: Short sword       |    32 |       ||    32
       Unarmed           |     4 |       ||     4
       Tailslap          |     2 |     2 ||     4
       Dagger            |       |    20 ||    20
 Cast: Shock             |    97 |    40 ||   137
  Use: Potion            |       |     3 ||     3
       Scroll            |       |     1 ||     1
  Eat: Chunk             |     6 |     3 ||     9
Armor: Skin              |    19 |    10 ||    29
Dodge: Dodged            |    37 |    28 ||    65

Table legend:
 A = Non-vault XP
 B = Vault XP
 C = Vault XP percentage of total XP
 D = Non-vault monster count
 E = Vault monster count
 F = Vault count percentage of total count
                 A         B        C        D         E       F
            +---------+---------+-------+---------+---------+-------
      Total |     300 |       0 |   0.0 |      65 |       0 |   0.0
            +---------+---------+-------+---------+---------+-------
        D:1 |      60 |       0 |   0.0 |      33 |       0 |   0.0
        D:2 |      54 |       0 |   0.0 |      18 |       0 |   0.0
        D:3 |     186 |       0 |   0.0 |      14 |       0 |   0.0
            +---------+---------+-------+---------+---------+-------
